 Dungeon Crawl Stone Soup version 0.29.1-2-gbd0b4ee654 (webtiles) character file.

Game seed: 496919279650227366

268 styxcanada the Covert (level 6, 0/30 HPs)
             Began as a Spriggan Brigand on Nov 2, 2022.
             Killed from afar by an orc wizard (8 damage)
             ... with a magic dart
             ... on level 3 of the Dungeon.
             The game lasted 00:07:31 (2548 turns).

styxcanada the Covert (Spriggan Brigand)            Turns: 2548, Time: 00:07:32

Health: 0/30       AC:  3    Str:  7    XL:     6   Next: 1%
Magic:  7/7        EV: 17    Int: 12    God:
Gold:   53         SH:  8    Dex: 19    Spells: 5/5 levels left

rFire   . . .      SeeInvis +   a - +2 dagger
rCold   . . .      Faith    .   h - +2 buckler
rNeg    . . .      Spirit   .   b - +0 robe
rPois   .          Reflect  .   (helmet restricted)
rElec   .          Harm     .   c - +0 cloak
rCorr   .          Rampage  .   (gloves unavailable)
Will    +....                   (boots unavailable)
Stlth   ++++......              (no amulet)
HPRegen 0.10/turn               (no ring)
MPRegen 0.10/turn               (no ring)

@: very quick
A: very small, no large weapons, unfitting armour, see invisible, speed 3
a: no special abilities


You were on level 3 of the Dungeon.
You visited 1 branch of the dungeon, and saw 3 of its levels.

You collected 53 gold pieces.

Inventory:

Hand Weapons
 a - a +2 dagger (weapon)
 g - a +0 sling
Missiles
 d - 6 poisoned darts (quivered)
 f - 26 stones
 k - 3 boomerangs
Armour
 b - a +0 robe (worn)
 c - a +0 cloak (worn)
 h - a +2 buckler (worn)
Potions
 i - 2 potions of lignification
 j - 2 potions of brilliance
 l - a potion of magic {unknown}
 m - a potion of curing {unknown}


   Skills:
 * Level 2.3 Fighting
 + Level 3.3 Short Blades
 + Level 2.4 Throwing
 * Level 3.3 Dodging
 * Level 8.0 Stealth
 * Level 1.4 Shields


You had 5 spell levels left.
You didn't know any spells.
Your spell library was empty.

Dungeon Overview and Level Annotations

Branches:
Dungeon (3/15)

Altars:


Innate Abilities, Weirdness & Mutations

You are very small and have problems with some larger weapons.
You are too small for most types of armour.
You have supernaturally acute eyesight. (SInv)
You cover ground extremely quickly. (Speed+++)


Message History

You hit the orc.
The orc is heavily wounded.
You hit the orc.
The orc is almost dead.
The orc barely misses you.
You hit the orc but do no damage.
The orc is almost dead.
The orc closely misses you.
You hit the orc but do no damage.
The orc is almost dead.
An orc comes into view. It is wielding a +0 short sword.
The orc closely misses you.
The orc shouts!
You hit the orc but do no damage.
The orc is almost dead.
The orc hits you with a +0 flail!
* * * LOW HITPOINT WARNING * * *
There is a stone staircase leading down here.
Throw: dart (curare)
Press: ? - help, Q - select action, (/) - cycle Shift-Dir - straight line, f - orc
Aim: an orc, wielding a +0 flail and wearing a +0 scale mail (almost dead, 66% to hit)
You throw a curare-tipped dart. The curare-tipped dart hits the orc.
The orc is poisoned.
The orc convulses.
You kill the orc!
Throw: 8 darts (poison)
Press: ? - help, Q - select action, (/) - cycle Shift-Dir - straight line, f - orc wizard
Aim: an orc wizard, wielding a +0 dagger and wearing a +0 robe (lightly wounded, 56% to hit)
You throw a poisoned dart. The poisoned dart hits the orc wizard.
The orc wizard is poisoned.
The orc wizard is lightly wounded.
Throw: 7 darts (poison)
Press: ? - help, Q - select action, (/) - cycle Shift-Dir - straight line, f/p - orc wizard
Aim: an orc wizard, wielding a +0 dagger and wearing a +0 robe (moderately wounded, poisoned, 56% to hit)
You throw a poisoned dart.
The poisoned dart closely misses the orc wizard.
The poisoned dart barely misses the orc.
The orc wizard points at you and mumbles some strange words.
The magic dart hits you!
You die...

#...#########...###
#.#................
#...#########...###
##.## #........ #.#
#.##.#### #.#
#.##.# #.# #.##.#
#.# ##.##.#### #@#
#####†........ #.#
#.........#### #.#
#.###..#### #.# #.#
#..# #o# #.# #..#
#.# #.# #..###...
#o# #.# #......#
#o# #.# #.######
#(# #.###.########


You could see an orc wizard (poisoned) and 2 orcs.

Vanquished Creatures
  Sigmund (D:2)
  Jessica (D:2)
  An orc wizard (D:3)
  An adder (D:2)
  A dart slug (D:3)
  3 orcs (D:3)
  3 endoplasms (D:1)
  2 hobgoblins (D:2)
  4 jackals (D:1)
  2 quokkas (D:1)
  5 ball pythons
  A bat (D:1)
  A frilled lizard (D:1)
  4 goblins (D:1)
  2 kobolds
  2 rats (D:1)
34 creatures vanquished.

Notes
Turn   | Place    | Note
-------+----------+-------------------------------------------
     0 | D:1      | styxcanada the Spriggan Brigand began the quest for the
                  | Orb.
     0 | D:1      | Reached XP level 1. HP: 10/10 MP: 2/2
   209 | D:1      | Reached skill level 6 in Stealth
   412 | D:1      | Reached XP level 2. HP: 15/15 MP: 3/3
   810 | D:1      | Found a faded altar of an unknown god.
  1704 | D:2      | Noticed Sigmund
  1767 | D:2      | Reached XP level 3. HP: 2/18 MP: 4/4
  1794 | D:2      | Killed Sigmund
  1795 | D:2      | Reached skill level 7 in Stealth
  1795 | D:2      | Reached skill level 1 in Shields
  1795 | D:2      | Reached XP level 4. HP: 4/23 MP: 5/5
  1795 | D:2      | Reached XP level 5. HP: 4/26 MP: 6/6
  2204 | D:2      | Noticed Jessica
  2211 | D:2      | Killed Jessica
  2530 | D:3      | Reached skill level 8 in Stealth
  2530 | D:3      | Reached XP level 6. HP: 14/30 MP: 7/7
  2548 | D:3      | Killed from afar by an orc wizard

Illustrated notes

Levels and vault maps discovered:
D:1:      dpeg_arrival_water_fire, layout_basic, shapermc_ecumenical_altar_gd
D:2:      layout_basic, uniq_jessica, uniq_sigmund
D:3:      layout_loops_ring, uniq_robin

Skill      XL: |  1  2  3  4  5 |
---------------+----------------+-----
Stealth        | 6 7 8 |  8.0
Fighting       | 2 |  2.3
Short Blades   | 3 |  3.3
Dodging        | 3 |  3.3
Shields        | 1 |  1.4
Throwing       | |  2.4

Action                   |  1- 3 |  4- 6 || total
-------------------------+-------+-------++-------
Melee: Dagger            |    91 |    34 ||   125
Throw: Dart              |    11 |     5 ||    16
  Use: Scroll            |     3 |     1 ||     4
       Potion            |     1 |       ||     1
 Stab: Sleeping          |     7 |     2 ||     9
Armor: Robe              |     2 |     1 ||     3
Dodge: Dodged            |    49 |    10 ||    59
Block: Buckler           |    26 |     7 ||    33
